 Dungeon Crawl Stone Soup version 0.27.0-1-g7a089689b8 (webtiles) character file.

Game seed: 4793322893833113797

11671 Naeght the Basher (level 11, -9/103 HPs)
             Began as a Minotaur Berserker on Aug 10, 2021.
             Was a High Priest of Trog.
             Mangled by a komodo dragon (22 damage)
             ... on level 1 of the Lair of Beasts.
             The game lasted 00:23:07 (12706 turns).

Naeght the Basher (Minotaur Berserker)             Turns: 12706, Time: 00:23:08

Health: -9/103     AC: 12    Str: 26    XL:     11   Next: 52%
Magic:  10/10      EV: 13    Int:  4    God:    Trog [*****.]
Gold:   485        SH:  0    Dex:  9    Spells: 10/10 levels left

rFire    . . .     SeeInvis +   b - +3 great mace (flame)
rCold    . . .     Faith    .   (shield currently unavailable)
rNeg     + . .     Spirit   .   j - +2 scale mail {rPois}
rPois    +         Reflect  .   (helmet restricted)
rElec    .         Harm     .   D - +0 cloak
rCorr    .         Rampage  .   (no gloves)
Will     .....                  k - +0 pair of boots
Stlth    ..........             (no amulet)
HPRegen  0.27/turn              c - ring of positive energy
MPRegen  0.12/turn              y - ring of see invisible

@: studying Staves
A: horns 2, retaliatory headbutt
a: Renounce Religion, Berserk, Trog's Hand, Brothers in Arms


You were on level 1 of the Lair of Beasts.
You worshipped Trog.
Trog was extremely pleased with you.
You visited 3 branches of the dungeon, and saw 11 of its levels.

You collected 485 gold pieces.

Inventory:

Hand Weapons
 b - a +3 great mace of flaming (weapon)
 o - a +1 whip of venom
 E - a +2 mace
Missiles
 v - 3 throwing nets
Armour
 j - a +2 scale mail of poison resistance (worn)
 k - a +0 pair of boots (worn)
 D - a +0 cloak (worn)
Jewellery
 c - a ring of positive energy (left hand)
 y - a ring of see invisible (right hand)
 F - a ring of poison resistance
Wands
 a - a wand of iceblast (7)
 l - a wand of flame (35) (quivered)
 q - a wand of polymorph (22)
Scrolls
 d - a scroll of immolation {unknown}
 e - 8 scrolls of identify {unknown}
 h - a scroll of holy word {unknown}
 p - a scroll of magic mapping {unknown}
 s - 4 scrolls of teleportation {unknown}
 t - 6 scrolls of amnesia {unknown}
 u - 2 scrolls of noise {unknown}
 x - 2 scrolls of fog {unknown}
 z - a scroll of summoning {unknown}
 C - a scroll of silence {unknown}
Potions
 f - 2 potions of curing {unknown}
 g - 2 potions of haste {unknown}
 i - 4 potions of heal wounds {unknown}
 m - a potion of degeneration {unknown}
 n - a potion of cancellation {unknown}
 r - 3 potions of attraction {unknown}
 w - 5 potions of brilliance {unknown}
 A - a potion of lignification {unknown}


   Skills:
 + Level 11.6 Fighting
 * Level 12.1 Maces & Flails
 - Level 7.0 Armour
 + Level 10.4 Dodging
 + Level 5.7 Evocations


You had 10 spell levels left.
You didn't know any spells.
Your spell library was empty.

Dungeon Overview and Level Annotations

Branches:
Dungeon (9/15)             Temple (1/1) D:6            Lair (1/6) D:9
    Orc (0/2) D:9

Altars:
Ashenzari
Cheibriados
Dithmenos
Elyvilon
Fedhas
Gozag
Hepliaklqana
Kikubaaqudgha
Makhleb
Nemelex Xobeh
Okawaru
Qazlal
Ru
Sif Muna
Trog
Uskayaw
Vehumet
Wu Jian
Xom
Yredelemnul
Zin
The Shining One

Shops:
D:6 (

Annotations:
D:8 exclusion: ice statue


Innate Abilities, Weirdness & Mutations

You have a pair of horns on your head.
You reflexively headbutt those who attack you in melee.


Message History

Trog accepts your kill.
You hit the yak. You burn the yak.
The yak is lightly wounded.
The yak barely misses you.
You hit the yak. You burn the yak.
The yak is lightly wounded.
The yak misses you. You furiously retaliate!
You headbutt the yak. You sock the yak! You burn the yak!
The yak is almost dead.
The yak closely misses you.
You closely miss the yak. You headbutt the yak.
You kill the yak!
Trog accepts your kill.
You barely miss the komodo dragon. The komodo dragon bites you!
The komodo dragon bites you but does no damage.
You closely miss the komodo dragon. You headbutt the komodo dragon.
The komodo dragon is lightly wounded.
The komodo dragon completely misses you.
You furiously retaliate!
You headbutt the komodo dragon! You hit the komodo dragon.
You burn the komodo dragon.
The komodo dragon is moderately wounded.
The komodo dragon bites you!!
* * * LOW HITPOINT WARNING * * *
You hit the komodo dragon. You burn the komodo dragon.
Your headbutt misses the komodo dragon.
The komodo dragon is heavily wounded.
The komodo dragon bites you!
* * * LOW HITPOINT WARNING * * *
You barely miss the komodo dragon. You headbutt the komodo dragon.
The komodo dragon is heavily wounded.
The komodo dragon closely misses you.
Unknown command.
You barely miss the komodo dragon. You headbutt the komodo dragon.
The komodo dragon is heavily wounded.
The komodo dragon bites you but does no damage.
You hit the komodo dragon. You burn the komodo dragon.
Your headbutt misses the komodo dragon.
The komodo dragon is severely wounded.
The komodo dragon bites you!!
You die...

##..#P##..##......#
..
#P..########......##
##..##....##........
#..##.....+......##
#.........#......#
#..##............#
##..P#######......###
#....#######..†....>.
#P.......@l...†......
###.##P#.P##.########
############


You could see a komodo dragon.

Vanquished Creatures
  A hydra (Lair:1)
  A two-headed ogre (D:8)
  Pikel (D:5)
  A guardian serpent (shapeshifter) (D:9)
  2 cane toads (Lair:1)
  A kobold demonologist (D:6)
  A komodo dragon (Lair:1)
  A troll (D:6)
  2 wyverns
  15 yaks
  2 shadows
  2 basilisks (D:9)
  A steam dragon (D:5)
  Menkaure (D:6)
  Duvessa (D:5)
  3 water moccasins
  3 ice beasts
  2 orc warriors
  A hornet zombie (D:7)
  A sky beast (D:6)
  A black bear (D:8)
  A necrophage (D:5)
  2 ogres
  6 centaurs
  2 phantoms
  3 kobold brigands
  3 bullfrogs
  A wyvern zombie (D:7)
  A gnoll sergeant (D:6)
  4 scorpions
  2 wyvern skeletons (D:7)
  A water moccasin skeleton (D:4)
  Dowan (D:5)
  A troll zombie (D:9)
  3 killer bees (D:7)
  9 wights (D:8)
  3 bullfrog zombies
  4 centaur zombies
  A jelly (D:7)
  2 gnoll shamans
  An orc priest (D:8)
  Ijyb (D:3)
  2 centaur skeletons
  2 hounds
  An iguana (D:5)
  Terence (D:2)
  An orc wizard (D:6)
  Natasha (thrice) (D:2)
  7 ogre zombies (D:9)
  2 hound skeletons (D:4)
  19 gnolls
  A howler monkey skeleton (D:5)
  6 adders
  A white imp (D:6)
  7 ufetubi
  2 adder skeletons (D:4)
  A worm (D:4)
  4 dart slugs
  13 orcs
  5 bats
  7 endoplasms
  2 giant cockroaches
  3 goblins
  3 hobgoblins
  8 jackals (D:4)
  5 quokkas
  6 ball pythons
  2 frilled lizards
  A goblin skeleton (D:9)
  3 goblin zombies (D:9)
  A hobgoblin skeleton (D:9)
  17 kobolds
  2 orc skeletons (D:9)
  17 orc zombies (D:9)
  6 rats
257 creatures vanquished.

Vanquished Creatures (others)
  A fungus (D:9)
  2 plants (Lair:1)
3 creatures vanquished.

Grand Total: 260 creatures vanquished

Notes
Turn   | Place    | Note
-------+----------+-------------------------------------------
     0 | D:1      | Naeght the Minotaur Berserker began the quest for the Orb.
     0 | D:1      | Reached XP level 1. HP: 19/19 MP: 0/0
   342 | D:1      | Reached XP level 2. HP: 27/27 MP: 1/1
   925 | D:2      | Found a faded altar of an unknown god.
  1129 | D:2      | Noticed Terence
  1142 | D:2      | Killed Terence
  1143 | D:2      | Reached skill level 4 in Maces & Flails
  1143 | D:2      | Reached XP level 3. HP: 11/33 MP: 2/2
  1529 | D:2      | Noticed Natasha
  1537 | D:2      | Killed Natasha
  1538 | D:2      | Reached XP level 4. HP: 16/40 MP: 3/3
  1950 | D:2      | Reached ** piety under Trog
  2088 | D:2      | Noticed Natasha
  2094 | D:2      | Killed Natasha
  2154 | D:2      | Noticed Natasha
  2161 | D:2      | Killed Natasha
  2162 | D:2      | Reached XP level 5. HP: 38/47 MP: 4/4
  2342 | D:3      | Noticed Ijyb
  2348 | D:3      | Killed Ijyb
  2438 | D:3      | Found a shimmering altar of Xom.
  2450 | D:3      | Found a basalt altar of Yredelemnul.
  2586 | D:3      | Found a sparkling altar of Nemelex Xobeh.
  2998 | D:4      | Noticed an ogre
  3003 | D:4      | Reached skill level 5 in Armour
  3033 | D:3      | Reached skill level 5 in Fighting
  3033 | D:3      | Reached XP level 6. HP: 30/56 MP: 5/5
  3207 | D:3      | Reached skill level 5 in Maces & Flails
  3557 | D:4      | Reached *** piety under Trog
  3623 | D:4      | Reached XP level 7. HP: 54/61 MP: 6/6
  3715 | D:4      | Noticed a yak
  3733 | D:4      | Killed a yak
  3761 | D:5      | Entered Level 5 of the Dungeon
  4035 | D:4      | Reached skill level 6 in Maces & Flails
  4173 | D:4      | Found a shadowy altar of Dithmenos.
  4535 | D:5      | Reached skill level 5 in Dodging
  4548 | D:5      | Reached XP level 8. HP: 49/70 MP: 7/7
  4688 | D:5      | Noticed Duvessa
  4688 | D:5      | Noticed Dowan
  4696 | D:5      | Killed Dowan
  4703 | D:5      | Killed Duvessa
  4935 | D:5      | Reached skill level 7 in Maces & Flails
  4997 | D:5      | Noticed Pikel
  5010 | D:5      | Killed Pikel
  5011 | D:5      | Reached skill level 8 in Maces & Flails
  5206 | D:5      | Reached XP level 9. HP: 69/81 MP: 8/8
  5772 | D:6      | Reached **** piety under Trog
  5818 | D:6      | Found a glowing silver altar of Zin.
  5851 | D:6      | Found a staircase to the Ecumenical Temple.
  5870 | Temple   | Entered the Ecumenical Temple
  5994 | Temple   | Reached skill level 9 in Maces & Flails
  6046 | D:6      | Noticed a kobold demonologist
  6052 | D:6      | Noticed a sixfirhy
  6056 | D:6      | Noticed an ice devil
  6521 | D:6      | Killed a kobold demonologist
  6571 | D:6      | Noticed a troll
  6575 | D:6      | Killed a troll
  6885 | D:6      | Noticed Menkaure
  6894 | D:6      | Killed Menkaure
  7281 | D:6      | Found Ydwumyrgh's Weapon Shoppe.
  7516 | D:7      | Reached XP level 10. HP: 92/93 MP: 9/9
  7747 | D:7      | Reached skill level 10 in Fighting
  7747 | D:7      | Reached skill level 10 in Maces & Flails
  8267 | D:8      | Noticed an ice statue
  8360 | D:8      | Found a blossoming altar of Fedhas.
  8387 | D:8      | Reached ***** piety under Trog
  8391 | D:8      | Reached skill level 1 in Evocations
  8625 | D:8      | Noticed a guardian serpent
  8640 | D:9      | Killed a guardian serpent
 11059 | D:9      | Reached skill level 11 in Maces & Flails
 11066 | D:9      | Reached XP level 11. HP: 87/102 MP: 10/10
 11242 | D:9      | Received a gift from Trog
 11295 | D:9      | Found a staircase to the Orcish Mines.
 11359 | D:9      | Noticed a two-headed ogre
 11361 | D:9      | Found a staircase to the Lair.
 11639 | D:8      | Reached skill level 5 in Evocations
 11893 | D:8      | Killed a two-headed ogre
 11894 | D:8      | Reached skill level 10 in Dodging
 12398 | Lair:1   | Entered Level 1 of the Lair of Beasts
 12408 | Lair:1   | Noticed a four-headed hydra
 12413 | Lair:1   | Killed a four-headed hydra
 12688 | Lair:1   | Reached skill level 12 in Maces & Flails
 12706 | Lair:1   | Mangled by a komodo dragon

Illustrated notes

Levels and vault maps discovered:
D:1:      amcnicky_arrival_double_pillar, layout_loops_ring,
          amcnicky_mini_rare_corridor_liquid, minmay_crystal_room,
          chequers_serial_rivers_micro_d, wander_ebering_terrifying_dragon_lair
D:2:      layout_loops_cross, shapermc_ecumenical_altar_hornbeckon,
          minmay_pentomino_o2, uniq_terence, uniq_natasha
D:3:      layout_loops_ring, mainiacjoe_overflow_catwalk_spiral,
          nemelex_diamond_rough_becter, uniq_ijyb
D:4:      layout_loops_cross, general_overflow_altar, hex_large,
          minmay_manual_mandibuliform
D:5:      layout_rooms, kennysheep_generic_room_14, uniq_pikel, uniq_duvessa
D:6:      layout_loops_cross, zin_academy,
          minmay_temple_entry_statues_fountains, serial_shops, shop,
          minmay_three_doors, uniq_menkaure
D:7:      layout_rooms
D:8:      cheibrodos_frozen_isle, layout_loops_ring, fedhas_altar_2,
          kennysheep_generic_room_8
D:9:      layout_basic, david_lair_generic, zombieorc2_lemuel
Temple:   nicolae_temple_elliptical
Lair:1:   layout_regular_city, uniq_maggie, uniq_harold

Skill      XL: |  1  2  3  4  5  6  7  8  9 10 11 |
---------------+----------------------------------+-----
Armour         | 3 4 5 6 7 |  7.0
Fighting       | 4 5 6 8 9 11 | 11.6
Maces & Flails | 4 5 6 8 9 11 12 | 12.1
Dodging        | 3 4 5 6 8 9 10 | 10.4
Evocations     | 4 5 |  5.7

Action                   |  1- 3 |  4- 6 |  7- 9 | 10-12 || total
-------------------------+-------+-------+-------+-------++-------
Melee: Mace              |    49 |    91 |       |   189 ||   329
       Headbutt          |     6 |    21 |    68 |    88 ||   183
       Whip              |       |    44 |   276 |    92 ||   412
       Spear             |       |       |       |    70 ||    70
       Great mace        |       |       |       |    77 ||    77
Invok: Berserk           |       |     2 |     2 |     2 ||     6
       Trog's Hand       |       |       |       |     4 ||     4
Evoke: Wand              |       |       |       |     8 ||     8
 Stab: Sleeping          |     1 |       |       |       ||     1
Armor: Animal skin       |     9 |       |       |       ||     9
       Scale mail        |       |    56 |   129 |   158 ||   343
Dodge: Dodged            |    37 |    91 |   147 |   211 ||   486
